 Dungeon Crawl Stone Soup version 0.30.1-3-gfc49f6343a (webtiles) character file.

Game seed: 16246349975359579560

108815 bairyn the Thaumaturge (level 16, -26/80 HPs)
             Began as a Spriggan Reaver on July 24, 2023.
             Was an Elder of Sif Muna.
             Killed from afar by a shard shrike (glowing shapeshifter) (51 damage)
             ... with a shard of ice
             ... on level 15 of the Dungeon on July 26, 2023.
             The game lasted 01:50:51 (54841 turns).

bairyn the Thaumaturge (Spriggan Reaver)           Turns: 54841, Time: 01:50:52

Health: -26/80     AC:  7    Str: 10      XL:     16   Next: 3%
Magic:  0/32       EV: 20    Int: 17 (18) God:    Sif Muna [****..]
Gold:   1033       SH:  4    Dex: 11      Spells: 11/44 levels left

rFire   + . .        a - +1 dagger (venom)
rCold   . . .        c - +0 buckler
rNeg    . . .        R - +0 troll leather armour
rPois   +            Z - +1 hat {Will+}
rElec   +            G - +1 cloak
rCorr   .            (gloves unavailable)
SInv    +            (boots unavailable)
Will    +++..        X - amulet of guardian spirit
Stlth   +++++        K - ring of Piex {Fire rElec rPois Dex-5}
HPRegen 1.13/turn    O - ring of protection from cold
MPRegen 0.23/turn

%: guardian spirit
@: hasted, very quick
A: very small, no large weapons, unfitting armour, see invisible, speed 3, low
MP 1, no potion heal 1
a: Renounce Religion, Channel Magic, Forget Spell, Divine Exegesis


You were on level 15 of the Dungeon.
You worshipped Sif Muna.
Sif Muna was greatly pleased with you.
You visited 4 branches of the dungeon, and saw 23 of its levels.

You collected 2553 gold pieces.
You spent 1520 gold pieces at shops.

Inventory:

Hand Weapons
 a - a +1 dagger of venom (weapon)
 b - a +4 dagger of freezing
 v - a +0 shortbow
Missiles
 u - 49 poisoned darts (quivered)
 I - a throwing net
 P - 13 curare-tipped darts
Armour
 c - a +0 buckler (worn)
 G - a +1 cloak (worn)
 R - a +0 troll leather armour (worn)
 Z - a +1 hat of willpower (worn)
Magical Staves
 d - a staff of earth
 p - the staff of fire "Cathrif" {rF+ Str+4}
   (You found it on level 11 of the Dungeon)

   [staff of fire]

   Base accuracy: +5 Base damage: 5 Base attack delay: 1.2 This weapon's minimum
   attack delay (0.6) is reached at skill level 12.
   Str:       It affects your strength (+4).
   rF:        It protects you from fire.
   It falls into the 'Staves' category.
   It is a two-handed weapon.
 Y - the staff of death "Oniumut" {rN+ Will+ Int+2}
   (You found it on level 5 of the Lair of Beasts)

   [staff of death]

   Base accuracy: +5 Base damage: 5 Base attack delay: 1.2 This weapon's minimum
   attack delay (0.6) is reached at skill level 12.
   Int:       It affects your intelligence (+2).
   rN:        It protects you from negative energy.
   Will:      It increases your willpower.
   It falls into the 'Staves' category.
   It is a two-handed weapon.
Jewellery
 s - a ring of positive energy
 y - a ring of willpower
 K - the ring of Piex (left hand) {Fire rElec rPois Dex-5}
   (You found it on level 3 of the Lair of Beasts)

   [ring of fire]

   It enhances your fire magic.
   Dex:       It affects your dexterity (-5).
   rF:        It protects you from fire.
   rC:        It makes you vulnerable to cold.
   rElec:     It insulates you from electricity.
   rPois:     It protects you from poison.
 O - a ring of protection from cold (right hand)
 W - a ring of flight
 X - an amulet of guardian spirit (around neck)
Wands
 i - a wand of charming (34)
 q - a wand of polymorph (13)
 C - a wand of flame (58)
 D - a wand of mindburst (39)
 L - a wand of acid (8)
 T - a wand of roots (15)
Scrolls
 e - 12 scrolls of teleportation
 f - a scroll of acquirement
 l - 2 scrolls of butterflies
 r - 4 scrolls of fog
 t - 2 scrolls of silence
 x - 6 scrolls of magic mapping
 E - a scroll of enchant weapon
 F - 5 scrolls of fear
 N - 7 scrolls of identify
Potions
 g - 3 potions of magic
 h - 7 potions of cancellation
 j - 2 potions of flight
 m - 8 potions of curing
 n - a potion of mutation
 o - 2 potions of might
 w - 3 potions of ambrosia
 z - a potion of heal wounds
 A - 3 potions of haste
 B - a potion of brilliance
 H - 3 potions of lignification
 S - 4 potions of resistance
 U - 4 potions of berserk rage
 V - 2 potions of invisibility
Miscellaneous
 k - a piece from Xom's chessboard (15/15)


   Skills:
 + Level 7.5 Fighting
 - Level 10.0 Short Blades
 - Level 1.0 Ranged Weapons
 - Level 1.0 Throwing
 - Level 1.0 Armour
 + Level 11.8 Dodging
 + Level 12.3 Stealth
 - Level 2.0 Shields
 * Level 14.6 Spellcasting
 - Level 6.0 Conjurations
 - Level 2.0 Hexes
 * Level 10.4 Summonings
 - Level 4.0 Translocations
 - Level 10.0 Transmutations
 - Level 1.3 Ice Magic
 - Level 8.0 Earth Magic
 + Level 8.7 Invocations
 - Level 3.0 Evocations


You had 11 spell levels left.
You knew the following spells:

 Your Spells              Type           Power      Damage    Failure   Level
a - Momentum Strike       Conj/Tloc      58%        3d9       1%          2
b - Stone Arrow           Conj/Erth      72%        3d11      1%          3
c - Hailstorm             Conj/Ice       25%        3d7       7%          3
l - Dragon's Call         Summ           24%        N/A       100%        9
m - Summon Cactus Giant   Summ           24%        N/A       22%         6
n - Call Canine Familiar  Summ           48%        N/A       1%          3
N - Summon Hydra          Summ           24%        N/A       77%         7

Your spell library contained the following spells:

 Spells                   Type           Power      Damage    Failure   Level
 Magic Dart               Conj           100%       1d8       1%          1
 Summon Small Mammal      Summ           100%       N/A       1%          1
 Summon Guardian Golem    Hex/Summ       33%        N/A       2%          3
 Foxfire                  Conj/Fire      100%       2x1d9     3%          1
 Kiss of Death            Conj/Necr      88%        2d12      3%          1
 Shock                    Conj/Air       88%        1d8       3%          1
 Spider Form              Tmut/Pois      29%        N/A       4%          3
 Gell's Gravitas          Tloc           26%        N/A       6%          3
 Teleport Other           Tloc           26%        N/A       6%          3
 Ensorcelled Hibernation  Hex/Ice        36%        N/A       8%          2
 Portal Projectile        Hex/Tloc       44%        N/A       9%          3
 Summon Ice Beast         Ice/Summ       32%        N/A       10%         4
 Necrotise                Necr           48%        1d6       11%         1
 Irradiate                Conj/Tmut      19%        3d18      11%         5
 Summon Lightning Spire   Summ/Air       30%        N/A       12%         4
 Iskenderun's Mystic Bla  Conj/Tloc      29%        2d7       13%         4
 Leda's Liquefaction      Hex/Erth       14%        N/A       13%         4
 Fulminant Prism          Conj/Hex       13%        3d8       21%         4
 Manifold Assault         Tloc           26%        N/A       21%         4
 Summon Mana Viper        Hex/Summ       33%        N/A       22%         5
 Sticky Flame             Conj/Fire      34%        2d5       30%         4
 Anguish                  Hex/Necr       7%         N/A       56%         4
 Fireball                 Conj/Fire      17%        3d9       63%         5
 Silence                  Hex/Air        7%         N/A       88%         5
 Agony                    Necr           12%        N/A       96%         5
 Dispersal                Tloc           13%        N/A       97%         6
 Starburst                Conj/Fire      17%        6d6       99%         6
 Plasma Beam              Fire/Air       9%         2x1d21    100%        6
 Haunt                    Necr/Summ      15%        N/A       100%        7
 Storm Form               Tmut/Air       14%        N/A       100%        7
 Disjunction              Tloc           13%        N/A       100%        8
 Maxwell's Capacitive Co  Air            6%         ∞         100%        8


Dungeon Overview and Level Annotations

Branches:
Dungeon (15/15)            Temple (1/1) D:6            Lair (5/5) D:8
 Shoals (0/4) Lair:2        Snake (0/4) Lair:2        Slime (0/5) Lair:4
    Orc (2/2) D:10            Elf (0/3) Orc:2        Vaults (0/5) D:13
 Depths (0/4) D:15

Altars:
Ashenzari
Cheibriados
Dithmenos
Elyvilon
Fedhas
Gozag
Hepliaklqana
Kikubaaqudgha
Makhleb
Nemelex Xobeh
Okawaru
Qazlal
Ru
Sif Muna
Trog
Uskayaw
Vehumet
Wu Jian
Xom
Yredelemnul
Zin
The Shining One
Jiyva

Shops:
D:1 !   D:3 [   D:9 !   D:11 =   D:15 [   Orc:2 *([=

Portals:
Hell: Lair:5
Trove: D:13 (give +2 gold dragon scales)


Innate Abilities, Weirdness & Mutations

You are very small and have problems with some larger weapons.
You are too small for most types of armour.
You have supernaturally acute eyesight. (SInv)
You cover ground extremely quickly. (Speed+++)
Your magical capacity is low. (-10% MP)
Potions are less effective at restoring your health.


Message History

Aiming: Stone Arrow (safe; 1% risk of failure)
Press: ? - help, Shift-Dir - straight line, f/p - rockslime
Aim: a rockslime (100% to hit)
The stone arrow hits the rockslime but does no damage.
The rockslime changes into a juggernaut!
Unknown command.
Casting: Stone Arrow (safe; 1% risk of failure)
Confirm with . or Enter, or press ? or * to list all spells.
Aiming: Stone Arrow (safe; 1% risk of failure)
Press: ? - help, Shift-Dir - straight line, f/p - juggernaut
Aim: a juggernaut shaped shifter (91% to hit)
The stone arrow misses the juggernaut.
Unknown command.
Casting: Stone Arrow (safe; 1% risk of failure)
Confirm with . or Enter, or press ? or * to list all spells.
The spell is quite dangerous to miscast (22% risk of failure)!
Continue anyway?
Okay, then.
The juggernaut changes into a shard shrike!
The shard shrike spits a shard of ice at you.
The shard of ice hits you!!
The shard shrike attacks as you move away!
The shard shrike barely misses you. The shard shrike claws you!
The shard shrike freezes you!!!
* * * LOW HITPOINT WARNING * * *
Okay, then.
Unknown command.
Aiming: Charm
Press: ? - help, Shift-Dir - straight line, f/p - shard shrike
Aim: a shard shrike shaped shifter (chance to affect: 11%)
Okay, then.
Unknown command.
Unknown command.
Blink to where?
Press: ? - help, Dir - move target, p - shard shrike
As you read the scroll of blinking, it crumbles to dust.
You feel yourself speed up.
The shard shrike spits a shard of ice at you.
The shard of ice hits you!!!
Ouch! That really hurt!
You die...

####....#.####.#
########
#.....#......#.#
.......#
#.###........#.#
.......# #.#
#.#.##.###.# .......#
#.###.#.....<#.#
..≈≈...#
#.....#.#...(#.#
.≈≈≈...#
#######.####.#.#
.......#
#....b....#.#
.≈^....#
#@##.######.#
.......#
####...........#
.≈≈≈...#
####.....##########
..≈≈...###....#######
#######.............#
#.....[.......#
##.............#
####...############
###....###


You could see a shard shrike shaped shifter (catching breath).

Vanquished Creatures
  Jorgrun (D:15)
  Rupert (D:13)
  An orc warlord (Orc:1)
  A stone giant (D:12)
  The ghost of safid the Frost Mage, a journeyman MfIE of Vehumet (Lair:4)
  The ghost of oldmanjim the Fighter, a journeyman OgTm of Sif Muna (Lair:3)
  A fire dragon (D:12)
  An ettin (D:12)
  Josephine (D:10)
  A yaktaur captain (D:12)
  5 vault guards (D:13)
  An ice dragon (Lair:3)
  6 hydras
  Erolcha (D:9)
  A catoblepas (Lair:4)
  7 boulder beetles
  7 centaur warriors
  7 nameless horrors
  4 two-headed ogres
  A tengu warrior (D:14)
  3 orc high priests
  Sonja (D:11)
  2 skysharks
  A fire crab (Lair:5)
  Amaemon (D:9)
  A sixfirhy (Lair:5)
  A glowing orange brain (D:8)
  Pikel (D:6)
  2 wizards
  An obsidian statue (D:11)
  A phantasmal warrior (D:11)
  5 large abominations (D:13)
  4 orc knights
  3 orc sorcerers (Orc:2)
  11 ugly things
  3 wolf spiders
  6 cyclopes
  9 elephants
  Maurice (D:9)
  6 manticores
  The ghost of Cheops the Grappler, a novice TrFi (D:8)
  2 water nymphs
  4 gargoyles
  3 orange demons
  A torpor snail (Lair:4)
  2 black mambas
  5 cane toads
  An unseen horror (D:9)
  10 rime drakes
  A smoke demon (Lair:5)
  Psyche (D:8)
  6 komodo dragons
  A kobold demonologist (D:10)
  2 red devils (Lair:5)
  6 trolls
  A tengu conjurer (D:14)
  2 ice devils (Lair:5)
  A polar bear (Lair:5)
  A hornet (shapeshifter) (D:12)
  20 blink frogs
  A dream sheep (Lair:5)
  Prince Ribbit (D:8)
  A tarantella (shapeshifter) (D:12)
  A dream sheep (shapeshifter) (D:12)
  2 shadows
  7 slime creatures
  7 wyverns
  A fire elemental (D:15)
  A yak (shapeshifter) (D:8)
  A vampire (D:12)
  5 wraiths
  A golden eye (shapeshifter) (D:12)
  2 neqoxecs (D:8)
  63 yaks
  A hog (D:15)
  6 basilisks
  2 steam dragons
  7 vampire mosquitoes
  A warg (shapeshifter) (D:12)
  A harpy simulacrum (D:14)
  2 wargs
  3 nagas (Lair:2)
  15 water moccasins
  7 small abominations (D:13)
  A hydra simulacrum (Lair:3)
  A sky beast (D:8)
  35 orc warriors
  2 hell hounds (Lair:5)
  A swamp drake (D:10)
  An ice beast (shapeshifter) (D:8)
  3 ice beasts
  2 black bears
  A boggart (shapeshifter) (D:14)
  A black mamba simulacrum (Lair:3)
  8 ogres
  12 wolves
  A centaur (shapeshifter) (D:8)
  12 centaurs
  3 phantoms (D:6)
  4 lemures (D:5)
  3 kobold brigands
  10 bullfrogs
  2 scorpions (D:4)
  A cane toad simulacrum (Lair:3)
  12 wights
  15 killer bees (D:8)
  A rime drake simulacrum (Lair:3)
  A torpor snail simulacrum (Lair:3)
  4 crimson imps (D:6)
  A komodo dragon simulacrum (Lair:3)
  6 jellies
  A hound (D:5)
  17 orc priests
  3 sleepcaps
  Ijyb (D:5)
  21 orc wizards
  5 iguanas
  8 adders
  9 gnolls
  A white imp (D:7)
  4 ufetubi
  4 worms
  2 dart slugs
  74 orcs
  6 ball pythons
  10 bats
  7 endoplasms
  6 giant cockroaches
  6 goblins
  9 hobgoblins
  7 jackals
  4 quokkas
  4 frilled lizards
  12 kobolds
  5 rats
693 creatures vanquished.

Vanquished Creatures (collateral kills)
  A stone giant (D:12)
  An orc warlord (Orc:1)
  2 vault guards (D:13)
  A two-headed ogre (D:13)
  A boulder beetle (D:12)
  A tengu warrior (D:12)
  5 ugly things (D:14)
  A troll (D:12)
  A wind drake (shapeshifter) (D:12)
  3 vampire mosquitoes
  A water moccasin (D:7)
  2 orc warriors (Orc:2)
  An ogre (Orc:2)
  A centaur (D:14)
  2 orcs (Orc:2)
24 creatures vanquished.

Vanquished Creatures (others)
  Kirke (D:15)
  A human (D:15)
  A hell hound (Lair:5)
  An orc warrior (Orc:2)
4 creatures vanquished.

Grand Total: 721 creatures vanquished

Notes
Turn   | Place    | Note
-------+----------+-------------------------------------------
     0 | D:1      | bairyn the Spriggan Reaver began the quest for the Orb.
     0 | D:1      | Reached XP level 1. HP: 10/10 MP: 5/5
   217 | D:1      | Reached XP level 2. HP: 13/14 MP: 6/6
   266 | D:1      | Found Numa's Distillery.
   440 | D:1      | Learned a level 2 spell: Momentum Strike
   525 | D:1      | Reached skill level 1 in Translocations
   688 | D:1      | Found a faded altar of an unknown god.
   835 | D:1      | Reached XP level 3. HP: 18/18 MP: 8/8
  1219 | D:1      | Reached skill level 3 in Spellcasting
  1283 | D:2      | Found an opulent altar of Gozag.
  1680 | D:2      | Learned a level 3 spell: Hailstorm
  1949 | D:1      | Reached XP level 4. HP: 10/23 MP: 9/9
  1949 | D:1      | HP: 1/23 [gnoll/+0 club (9)]
  2059 | D:1      | Reached skill level 1 in Stealth
  2059 | D:1      | Reached skill level 1 in Evocations
  2106 | D:1      | Found Numa's Distillery.
  2236 | D:1      | Found a faded altar of an unknown god.
  3242 | D:2      | Reached skill level 1 in Summonings
  3450 | D:3      | Reached skill level 1 in Transmutations
  3450 | D:3      | Reached XP level 5. HP: 26/26 MP: 6/10
  3597 | D:3      | Found Yxzun's Armour Boutique.
  3742 | D:3      | Noticed an ice beast
  4036 | D:2      | Reached skill level 1 in Earth Magic
  4384 | D:4      | Got the Octavo of Battling
  4613 | D:4      | Reached skill level 1 in Ranged Weapons
  4613 | D:4      | Reached skill level 1 in Throwing
  4613 | D:4      | Reached skill level 1 in Invocations
  4613 | D:4      | Reached XP level 6. HP: 30/30 MP: 12/12
  4910 | D:5      | Entered Level 5 of the Dungeon
  5356 | D:4      | Reached skill level 1 in Ice Magic
  5365 | D:4      | Got the Anthology of Electric Traumaturgy
  5514 | D:4      | Found a sacrificial altar of Ru.
  5975 | D:5      | Reached skill level 1 in Armour
  6063 | D:4      | HP: 1/30 [black bear (2)]
  6226 | D:4      | Reached skill level 1 in Shields
  6226 | D:4      | Reached XP level 7. HP: 16/35 MP: 1/13
  6662 | D:6      | Reached skill level 4 in Spellcasting
  6683 | D:6      | Found a staircase to the Ecumenical Temple.
  6692 | Temple   | Entered the Ecumenical Temple
  6692 | Temple   | Found a transporter.
  6692 | Temple   | Found a transporter.
  6694 | Temple   | Found a transporter.
  6694 | Temple   | Found a transporter.
  6716 | Temple   | Became a worshipper of Sif Muna the Loreminder
  7130 | D:6      | Learned a level 3 spell: Stone Arrow
  7930 | D:5      | Reached XP level 8. HP: 39/39 MP: 15/15
  8428 | D:5      | Noticed Ijyb
  8443 | D:5      | Killed Ijyb
  8705 | D:5      | Reached * piety under Sif Muna
  8892 | D:3      | Reached skill level 5 in Spellcasting
  9903 | D:6      | Noticed Pikel
 10251 | D:6      | Killed Pikel
 10252 | D:6      | Reached skill level 5 in Dodging
 10252 | D:6      | Reached XP level 9. HP: 43/43 MP: 8/18
 10568 | D:6      | Found a shimmering altar of Xom.
 11119 | D:6      | Reached skill level 6 in Spellcasting
 11425 | D:7      | Reached skill level 5 in Short Blades
 11734 | D:7      | Reached skill level 5 in Stealth
 12033 | D:2      | Found an opulent altar of Gozag.
 13255 | D:7      | Found a burning altar of Makhleb.
 13255 | D:7      | Noticed an Executioner
 13258 | D:7      | Noticed a smoke demon
 13532 | D:8      | Noticed Psyche
 13537 | D:8      | Noticed Prince Ribbit
 13665 | D:8      | Found a staircase to the Lair.
 13741 | D:8      | Killed Prince Ribbit
 13867 | D:8      | Found a runed translucent gate.
 13867 | D:8      | Found a runed translucent gate.
 13867 | D:8      | Found a runed translucent gate.
 13867 | D:8      | Noticed a glowing orange brain
 13868 | D:8      | Noticed a brown ugly thing
 13868 | D:8      | Noticed a brown ugly thing
 13870 | D:8      | Noticed a white ugly thing
 13870 | D:8      | Noticed a green ugly thing
 14410 | D:7      | Reached XP level 10. HP: 21/49 MP: 7/21
 14662 | D:7      | Found a burning altar of Makhleb.
 15407 | D:7      | Reached skill level 7 in Spellcasting
 15715 | D:8      | Identified the +6 flail "Oloen" {venom, Dex+2}
 15897 | D:8      | Reached skill level 5 in Transmutations
 16355 | D:8      | Reached ** piety under Sif Muna
 16368 | D:8      | Reached skill level 5 in Earth Magic
 16849 | D:8      | Killed Psyche
 16850 | D:8      | Reached skill level 5 in Summonings
 17374 | D:9      | Noticed a two-headed ogre
 17391 | D:9      | Reached skill level 8 in Spellcasting
 17759 | D:9      | Killed a two-headed ogre
 17760 | D:9      | Reached XP level 11. HP: 53/53 MP: 12/24
 17836 | D:9      | Noticed Maurice
 18295 | D:9      | Killed Maurice
 18529 | D:9      | Noticed Amaemon
 18964 | D:9      | Killed Amaemon
 19060 | D:9      | Noticed Erolcha
 19162 | D:9      | Found Ocvusi's Distillery.
 19170 | D:9      | Bought a potion of resistance for 130 gold pieces
 19170 | D:9      | Bought a potion of invisibility for 104 gold pieces
 19170 | D:9      | Bought a potion of curing for 39 gold pieces
 19170 | D:9      | Bought a potion of curing for 39 gold pieces
 19214 | D:10     | Entered Level 10 of the Dungeon
 19304 | D:11     | Noticed a two-headed ogre
 19308 | D:11     | Killed a two-headed ogre
 19374 | D:10     | Found a staircase to the Orcish Mines.
 19522 | D:10     | Reached *** piety under Sif Muna
 19896 | D:9      | Killed Erolcha
 20273 | D:10     | Noticed Josephine
 20461 | D:10     | Killed Josephine
 20462 | D:10     | Reached skill level 9 in Spellcasting
 20462 | D:10     | Reached skill level 5 in Invocations
 20958 | D:10     | Found a stormy altar of Qazlal.
 20969 | D:10     | Found a blossoming altar of Fedhas.
 20983 | D:10     | Noticed a sun demon
 21196 | D:10     | HP: 1/54 [manticore/volley of spikes (16)]
 21726 | D:11     | Noticed a seven-headed hydra
 21753 | D:11     | Noticed an obsidian statue
 21783 | D:11     | Killed a seven-headed hydra
 22049 | D:11     | Killed an obsidian statue
 22050 | D:11     | Reached XP level 12. HP: 58/58 MP: 5/26
 22064 | D:11     | Identified the +0 helmet "Zoahuhun" {*Corrode Will+ Str+3
                  | Int+3}
 22067 | D:11     | Identified the staff of fire "Cathrif" {rF+ Str+4}
 22086 | D:11     | Got the Guidebook on Blows
 22222 | D:11     | Noticed Sonja
 22223 | D:11     | Noticed a centaur warrior
 22237 | D:10     | Killed a centaur warrior
 22305 | D:11     | Killed Sonja
 22463 | D:11     | Noticed a boulder beetle
 22518 | D:11     | Killed a boulder beetle
 22651 | D:11     | Found Mueginodd's Jewellery Shoppe.
 22742 | D:11     | Noticed a two-headed ogre
 22766 | D:11     | Killed a two-headed ogre
 23140 | Lair:1   | Entered Level 1 of the Lair of Beasts
 23941 | D:8      | Reached **** piety under Sif Muna
 23993 | D:8      | Reached skill level 10 in Spellcasting
 24473 | Lair:2   | Reached skill level 5 in Fighting
 24784 | Lair:1   | Reached skill level 5 in Conjurations
 26457 | Lair:2   | Reached XP level 13. HP: 44/63 MP: 15/28
 27074 | Lair:2   | Found a staircase to the Snake Pit.
 27909 | Lair:3   | Found a runed translucent gate.
 27909 | Lair:3   | Found a runed translucent gate.
 27959 | Lair:3   | Noticed safid's ghost (journeyman MfIE)
 27987 | Lair:3   | Found a runed translucent gate.
 28878 | Lair:4   | Found a staircase to the Slime Pits.
 28878 | Lair:4   | Found a viscous altar of Jiyva.
 28909 | Lair:3   | Reached skill level 11 in Spellcasting
 29297 | Lair:4   | Found a runed translucent gate.
 29297 | Lair:4   | Found a runed translucent gate.
 29297 | Lair:4   | Found a runed translucent gate.
 29298 | Lair:4   | Noticed oldmanjim's ghost (journeyman OgTm)
 30196 | Lair:4   | Reached ***** piety under Sif Muna
 30320 | Lair:5   | Entered Level 5 of the Lair of Beasts
 31094 | Lair:5   | Received a gift from Sif Muna
 31099 | Lair:5   | Got Xailaepy's Dissertation on Ill Luck and Shadows {god
                  | gift}
 32118 | Lair:5   | Found a hide-covered altar of Uskayaw.
 32972 | Lair:5   | Reached XP level 14. HP: 58/69 MP: 14/30
 33288 | Lair:5   | Identified the staff of death "Oniumut" {rN+ Will+ Int+2}
 33737 | Lair:5   | Found a burning altar of Makhleb.
 33756 | Lair:5   | Reached skill level 12 in Spellcasting
 34195 | Lair:5   | Found a gateway to Hell.
 34202 | Lair:5   | Identified the +1 leather armour of the Game Afoot {rC+
                  | Int+3}
 34483 | Lair:3   | Killed oldmanjim's ghost
 34715 | Lair:4   | Reached skill level 10 in Dodging
 36101 | Lair:3   | Got the ring of Piex {Fire rElec rPois Dex-5}
 36213 | Lair:4   | Found a staircase to the Slime Pits.
 36213 | Lair:4   | Found a viscous altar of Jiyva.
 36411 | Lair:4   | Killed safid's ghost
 36608 | D:8      | Reached skill level 10 in Stealth
 37013 | D:8      | Found a runed translucent gate.
 37013 | D:8      | Found a runed translucent gate.
 37017 | D:8      | Found a runed translucent gate.
 37021 | D:8      | Noticed Cheops's ghost (novice TrFi)
 37162 | Orc:1    | Entered Level 1 of the Orcish Mines
 38203 | Orc:2    | Entered Level 2 of the Orcish Mines
 38752 | Orc:2    | Noticed an orc warlord
 38916 | Orc:2    | Found Buhytu Ywki's Antique Armour Boutique.
 39039 | Orc:2    | Found Eseu's General Store.
 39055 | Orc:2    | Received a gift from Sif Muna
 39056 | Orc:2    | Gained mutation: Potions are less effective at restoring
                  | your health. [a neqoxec]
 39061 | Orc:2    | Got Sif Muna's Codex of Bloody Command {god gift}
 39091 | Orc:1    | Learned a level 6 spell: Summon Cactus Giant
 39095 | Orc:1    | Learned a level 3 spell: Call Canine Familiar
 39105 | Orc:1    | Learned a level 9 spell: Dragon's Call
 39407 | Orc:2    | Noticed an orc warlord
 40412 | Orc:1    | Killed an orc warlord
 40568 | Orc:2    | Found Duufarr's Antique Weapon Emporium.
 40881 | Orc:2    | Found Sillio Duro's Jewellery Shop.
 40894 | Orc:2    | Reached skill level 1 in Hexes
 41980 | Orc:1    | Killed an orc warlord
 41981 | Orc:1    | Reached skill level 10 in Transmutations
 42086 | Orc:2    | Bought a ring of flight for 210 gold pieces
 42343 | Orc:2    | Found a staircase to the Elven Halls.
 42482 | Orc:2    | Bought a scroll of acquirement for 832 gold pieces
 42482 | Orc:2    | Bought a scroll of fear for 64 gold pieces
 42482 | Orc:2    | Bought a scroll of fog for 64 gold pieces
 42482 | Orc:2    | Bought 2 curare-tipped darts for 38 gold pieces
 42486 | Orc:2    | Acquired an amulet of guardian spirit
 42995 | D:12     | Reached skill level 13 in Spellcasting
 43187 | D:12     | Found a runed translucent door.
 44141 | D:11     | Found Mueginodd's Jewellery Shoppe.
 45158 | D:13     | Noticed Rupert
 45168 | D:13     | Killed Rupert
 45169 | D:13     | Reached XP level 15. HP: 74/74 MP: 21/33
 45431 | D:13     | Found a gate to the Vaults.
 46246 | D:11     | Found Mueginodd's Jewellery Shoppe.
 46611 | D:12     | Found the +5 glaive of the Guard {elec, spectral, AC+5}
 49040 | D:13     | Found a portal to a secret trove of treasure.
 50306 | D:13     | Reached skill level 14 in Spellcasting
 50860 | D:13     | Identified the +1 hat "Kumodd" {Stlth+}
 50862 | D:13     | Got the Thoughts on Calling
 50871 | D:13     | Learned a level 7 spell: Summon Hydra
 51122 | D:13     | Reached skill level 10 in Summonings
 51228 | D:14     | Reached skill level 10 in Short Blades
 52465 | D:15     | Entered Level 15 of the Dungeon
 52744 | D:8      | Gained mutation: Your magical capacity is low. (-10% MP) [a
                  | neqoxec]
 52813 | D:8      | Killed Cheops's ghost
 53591 | D:15     | Noticed Jorgrun
 53621 | D:15     | Killed Jorgrun
 53947 | D:15     | Found Yror's Antique Armour Boutique.
 54008 | D:15     | Noticed Kirke
 54022 | D:15     | Noticed a sphinx
 54034 | D:15     | Killed Kirke
 54035 | D:15     | Reached XP level 16. HP: 64/80 MP: 3/32
 54309 | D:15     | Found a hide-covered altar of Uskayaw.
 54541 | D:15     | Found a staircase to the Depths.
 54588 | D:15     | an azure jelly changed into a quicksilver dragon
 54588 | D:15     | Noticed a quicksilver dragon (glowing shapeshifter)
 54591 | D:15     | a quicksilver dragon changed into a fire giant
 54810 | D:15     | an iron dragon changed into a juggernaut
 54810 | D:15     | Noticed a juggernaut (glowing shapeshifter)
 54825 | D:15     | a rockslime changed into a juggernaut
 54825 | D:15     | Noticed a juggernaut (glowing shapeshifter)
 54833 | D:15     | a juggernaut changed into a shard shrike
 54833 | D:15     | Noticed a shard shrike (glowing shapeshifter)
 54841 | D:15     | Killed from afar by a shard shrike (glowing shapeshifter)

Illustrated notes

Levels and vault maps discovered:
D:1:      dpeg_arrival_three_same_balls, layout_basic, serial_shops, shop,
          hellmonk_ecumenical_altar_inner_sanctum
D:2:      layout_loops_cross, basic_altar
D:3:      layout_rooms, serial_shops, shop
D:4:      wad_crossroads, layout_basic, mainiacjoe_overflow_cross_hatched,
          st_stairs_2, minivault_11
D:5:      layout_basic, uniq_ijyb
D:6:      layout_gridville, led_xom_imps, minmay_temple_entry_overgrown,
          chequers_serial_rivers_micro_d, minivault_5, uniq_pikel
D:7:      layout_loops_ring, makhleb_altar_promises_db
D:8:      layout_loops_ring, minmay_lair_entry_grove,
          ploomutoo_gammafunk_ghost_potion_laboratory, uniq_prince_ribbit1,
          uniq_psyche
D:9:      layout_irregular_city, serial_shops, shop, dk_vineyard_3,
          amcnicky_mini_pool_medium, uniq_erolcha, uniq_maurice, uniq_amaemon
D:10:     layout_loops_cross, grunt_temple_overflow_forces_of_nature,
          erik_orc_1, uniq_josephine
D:11:     layout_irregular_city, serial_shops, shop_statue, minivault_16,
          minivault_15, billiards_dpeg, uniq_sonja
D:12:     minmay_guarded_unrand_guard, layout_small_grid, lightli_airlock
D:13:     layout_basic, erik_vaults_2, nicolae_trove_entry_crossroad,
          laboratory, uniq_rupert
D:14:     layout_roguey, serial_rivers, chequers_serial_rivers_micro_e,
          chequers_serial_rivers_micro_c, chequers_serial_rivers_small_a,
          chequers_serial_rivers_micro_d, chequers_serial_rivers_small_3,
          chequers_serial_rivers_marsh, minivault_24
D:15:     hangedman_depths_entry_try_elsewhere_first, layout_basic,
          serial_shops, shop, minmay_tree_intersection,
          nicolae_uskayaw_suspiria, uniq_jorgrun, uniq_kirke
Temple:   hellmonk_temple_divided_pantheon
Lair:1:   layout_small_grid, lemuel_fruit_fields, infiniplex_staircase_pool_2
Lair:2:   layout_regular_city, nicolae_shoals_entry_flooding,
          nicolae_snake_entry_squirm, grunt_megastairs_1
Lair:3:   layout_chaotic_city, serial_rivers, chequers_serial_rivers_room_a,
          chequers_serial_rivers_micro_a, chequers_serial_rivers_large_a,
          chequers_serial_rivers_marsh, chequers_serial_rivers_small_b,
          gammafunk_ghost_icy
Lair:4:   layout_misc_corridors, minmay_slime_entry_pillars,
          gammafunk_ghost_split, minmay_stone_trees_small
Lair:5:   evil_forest, layout_cave_pods, basic_altar
Orc:1:    layout_caves, nicolae_orc_damp_corner
Orc:2:    grunt_orc_gardens, layout_caves, grunt_orc_garden, grunt_orc_garden,
          grunt_orc_garden, grunt_orc_garden

Skill      XL: |  1  2  3  4  5  6  7  8  9 10 11 12 13 14 15 |
---------------+----------------------------------------------+-----
Translocations | 1 2 3 4 |  4.0
Spellcasting   | 3 4 5 6 8 9 10 11 13 14 | 14.6
Stealth        | 1 2 3 4 5 6 8 9 10 12 | 12.3
Evocations     | 1 2 3 |  3.0
Summonings     | 1 2 3 4 5 6 7 8 9 10 | 10.4
Fighting       | 2 3 4 5 6 7 |  7.5
Transmutations | 1 2 3 4 5 6 8 9 10 | 10.0
Dodging        | 3 4 5 6 7 8 9 10 11 | 11.8
Earth Magic    | 1 3 4 5 6 7 8 |  8.0
Ranged Weapons | 1 |  1.0
Throwing       | 1 |  1.0
Invocations    | 1 2 3 4 5 6 7 8 |  8.7
Ice Magic      | 1 |  1.3
Armour         | 1 |  1.0
Shields        | 1 2 |  2.0
Short Blades   | 4 5 6 7 8 9 10 | 10.0
Conjurations   | 3 4 5 6 |  6.0
Hexes          | 2 |  2.0

Action                     |  1- 3 |  4- 6 |  7- 9 | 10-12 | 13-15 | 16-18 || total
---------------------------+-------+-------+-------+-------+-------+-------++-------
  Melee: Short sword       |   137 |       |       |       |       |       ||   137
         Punch             |     2 |     3 |     6 |     6 |    21 |       ||    38
         Dagger            |    23 |       |   270 |   537 |   980 |       ||  1810
         Whip              |    18 |   231 |    59 |     8 |       |       ||   316
  Throw: Dart              |       |     4 |       |       |       |       ||     4
   Cast: Momentum Strike   |     1 |     2 |       |       |       |       ||     3
         Hailstorm         |       |    22 |    11 |       |    40 |       ||    73
         Stone Arrow       |       |       |   116 |   327 |   927 |    23 ||  1393
         Summon Cactus Gia |       |       |       |       |    24 |       ||    24
         Call Canine Famil |       |       |       |       |     8 |       ||     8
         Maxwell's Capacit |       |       |       |       |     1 |       ||     1
 Invoke: Channel Magic     |       |       |       |       |     8 |       ||     8
         Divine Exegesis   |       |       |       |       |     1 |       ||     1
  Evoke: Wand              |       |       |       |     3 |     7 |       ||    10
         Piece from Xom's  |       |       |       |       |     6 |       ||     6
    Use: Potion            |     1 |     1 |       |     2 |     4 |     1 ||     9
         Scroll            |       |       |    19 |     8 |     7 |     1 ||    35
   Stab: Sleeping          |     4 |     7 |     7 |     8 |    24 |       ||    50
         Distracted        |       |       |     1 |     1 |       |       ||     2
 Armour: Robe              |    13 |    27 |    26 |    11 |       |       ||    77
         Troll leather arm |       |       |       |    59 |   184 |     2 ||   245
  Dodge: Dodged            |   129 |   263 |   243 |   554 |  1125 |    10 ||  2324
  Block: Buckler           |       |       |       |       |    30 |     2 ||    32
